AoeStats
← riskybusiness69

Arabia

510179362Analyzed
1v1 RM · 3d ago on Sep 29, 2026· 53m 39s· 2 players
Game mode
Random Map
Map size
Tiny (2 player)
Population
200
Speed
Normal
Resources
Standard
Victory
Conquest
Starting age
Dark Age
Ending age
Imperial Age
RankedLock teamsTeams togetherTeam positionsShared explorationLock speedFull tech treeHidden civsTurbo modeCheats
Victory
Defeat
🇨🇴 Japanese · Colombia
697
+18
🇺🇸 Burgundians · United States
739
-44
riskybusiness69
11:00 Feudal Age
11:25 Double-Bit Axe
13:42 Bow Saw
18:21 Castle Age
17:35 Scale Barding Armor
18:32 Light Cavalry
19:54 Horse Collar
22:20 Squires
22:10 Pikeman
23:12 Stone Mining
23:26 Elite Skirmisher
25:00 Wheelbarrow
26:33 Stone Shaft Mining
25:52 Gold Mining
27:22 Hand Cart
27:58 Gold Shaft Mining
30:10 Heavy Plow
33:14 Chain Barding Armor
38:15 Loom
40:04 Padded Archer Armor
40:41 Ballistics
42:46 Scale Mail Armor
44:12 Murder Holes
45:30 Two-Man Saw
45:35 Chain Mail Armor
49:12 Imperial Age
47:33 Leather Archer Armor
47:47 Fletching
49:03 Crop Rotation
50:00 Elite Coustillier
52:05 Plate Barding Armor
54:08 Bodkin Arrow
NikolastrA
11:58 Feudal Age
10:15 Loom
12:31 Double-Bit Axe
12:33 Horse Collar
13:09 Gold Mining
16:02 Man-at-Arms
18:11 Town Watch
24:12 Castle Age
22:51 Wheelbarrow
24:19 Castle Age
22:40 Forging
22:49 Scale Mail Armor
23:11 Fletching
24:15 Scale Barding Armor
26:22 Squires
26:37 Padded Archer Armor
27:26 Heavy Plow
27:20 Stone Mining
27:57 Pikeman
27:57 Long Swordsman
28:43 Elite Skirmisher
30:15 Bow Saw
31:21 Iron Casting
31:08 Bodkin Arrow
33:43 Chain Mail Armor
38:45 Imperial Age
36:55 Leather Archer Armor
38:07 Wheelbarrow
38:54 Town Patrol
39:41 Gold Shaft Mining
39:28 Chain Barding Armor
39:00 Two-Handed Swordsman
40:55 Two-Man Saw
40:43 Murder Holes
41:49 Chemistry
42:08 Elite Samurai
43:37 Bracer
44:11 Parthian Tactics
44:09 Conscription
44:22 Plate Mail Armor
44:36 Hand Cart
47:04 Fervor
48:17 Ring Archer Armor
48:39 Illumination
48:29 Block Printing
48:37 Champion
49:04 Gambesons
49:27 Yasama
51:37 Blast Furnace
50:01 Halberdier
51:04 Crossbowman
52:08 Ballistics
51:59 Fortified Wall
51:31 Treadmill Crane
53:06 Kataparuto
Connection lost

Rejoining the realm…

Still unreachable

The connection could not be restored.

Session expired

The server has moved on; the page needs a fresh start.